 Dungeon Crawl Stone Soup version 0.31.0-32-g396128a36d (webtiles) character file.

Game seed: 606479107011638586

3943 SSird the Carver (level 10, 0/84 HPs)
             Began as a Demonspawn Gladiator on Apr 2, 2024.
             Was an Elder of Okawaru.
             Slain by a water moccasin (1 damage)
             ... on level 9 of the Dungeon.
             The game lasted 00:26:51 (7700 turns).

SSird the Carver (Demonspawn Gladiator)             Turns: 7700, Time: 00:26:52

Health: 0/84       AC: 14    Str: 14    XL:     10   Next: 1%
Magic:  12/13      EV: 16    Int: 10    God:    Okawaru [****..]
Gold:   387        SH:  0    Dex: 18    Spells: 9/9 levels left

rFire   + . .        D - +1 falchion (freeze)
rCold   + . .        (no shield)
rNeg    + . .        I - +0 steam dragon scales
rPois   +            E - +2 hat
rElec   .            c - scarf {rC+ rF+}
rCorr   .            a - +0 pair of gloves
SInv    .            (no boots)
Will    +++..        l - amulet of the Four Winds {rN+ Will+++ Clar}
Stlth   ++           x - +4 ring of protection
HPRegen 0.34/turn    v - ring of poison resistance
MPRegen 0.13/turn

%: clarity
@: lethally poisoned (0 -> -1), hasted, very quick
A: claws 1, slimy green scales 1, (demonic guardian 3), foul stench 2, antennae
1, talons 1, robust 1
a: Renounce Religion, Heroism, Finesse


You were on level 9 of the Dungeon.
You worshipped Okawaru.
Okawaru was greatly pleased with you.
You visited 2 branches of the dungeon, and saw 10 of its levels.

You collected 387 gold pieces.

Inventory:

Hand Weapons
 C - a +0 arbalest
 D - a +1 falchion of freezing (weapon)
Missiles
 e - a javelin (quivered)
 h - 8 boomerangs
 B - 2 throwing nets
Armour
 a - a +0 pair of gloves (worn)
 c - a scarf of resistance (worn)
 E - a +2 hat (worn)
 I - +0 steam dragon scales (worn)
Jewellery
 j - a ring of see invisible
 l - the amulet of the Four Winds (around neck) {rN+ Will+++ Clar}
   (You found it on level 8 of the Dungeon)

   [amulet of nothing]

   rN+:       It protects you from negative energy.
   Will+++:   It greatly increases your willpower.
   Clar:      It protects you from confusion, rage, mesmerisation and fear.
 p - a ring of willpower
 r - a +6 ring of strength
 s - a +4 ring of protection
 v - a ring of poison resistance (right hand)
 x - a +4 ring of protection (left hand)
Wands
 b - a wand of paralysis (16)
 m - a wand of flame (19)
 y - a wand of acid (1)
 G - a wand of mindburst (18)
Scrolls
 f - 2 scrolls of amnesia
 g - 4 scrolls of revelation
 k - 4 scrolls of teleportation
 n - 12 scrolls of identify
 t - a scroll of vulnerability
 F - 4 scrolls of fog
Potions
 d - a potion of might
 i - 5 potions of enlightenment
 o - a potion of degeneration
 u - a potion of mutation
 z - 2 potions of brilliance
 A - 2 potions of lignification


   Skills:
 + Level 6.9 Fighting
 * Level 8.7 Long Blades
 - Level 5.0 Throwing
 + Level 6.5 Dodging
 - Level 5.0 Invocations


You had 9 spell levels left.
You didn't know any spells.
Your spell library contained the following spells:

 Spells                   Type           Power      Damage    Failure   Level
 Slow                     Hex            0%         N/A       36%         1
 Confusing Touch          Hex            0%         N/A       75%         3
 Sigil of Binding         Hex            0%         N/A       75%         3
 Vampiric Draining        Necr           0%         2d6       75%         3
 Brom's Barrelling Bould  Conj/Erth      0%         2d3       98%         4
 Dimensional Bullseye     Hex/Tloc       0%         N/A       98%         4
 Olgreb's Toxic Radiance  Alch           0%         N/A       98%         4
 Alistair's Intoxication  Alch           0%         N/A       100%        5
 Borgnjor's Vile Clutch   Necr/Erth      0%         N/A       100%        5
 Fireball                 Conj/Fire      0%         3d3       100%        5
 Iskenderun's Battlesphe  Conj           0%         2d6       100%        5
 Conjure Ball Lightning   Conj/Air       0%         3x3d6     100%        6
 Eringya's Noxious Bog    Alch           0%         4d6       100%        6
 Orb of Destruction       Conj           0%         9d5       100%        7
 Ozocubu's Refrigeration  Ice            0%         4d7       100%        7
 Discord                  Hex            0%         N/A       100%        8
 Polar Vortex             Ice            0%         N/A       100%        9
 Call Canine Familiar     Summ           Unusable   N/A       N/A         3
 Sculpt Simulacrum        Ice/Alch       Unusable   N/A       N/A         6

Dungeon Overview and Level Annotations

Branches:
Dungeon (9/15)             Temple (1/1) D:5
   Lair: D:8-11         Orc: D:9-12

Altars:
Ashenzari
Cheibriados
Dithmenos
Hepliaklqana
Kikubaaqudgha
Nemelex Xobeh
Okawaru
Qazlal
Ru
Sif Muna
Trog
Vehumet
Wu Jian
Yredelemnul

Shops:
D:7 =


Innate Abilities, Weirdness & Mutations

You have sharp fingernails.
You are partially covered in slimy green scales. (AC +2)
((A powerful demonic guardian rushes to your aid.))
You sometimes emit foul miasma when damaged in melee.
You have a pair of small antennae on your head.
You have sharp toenails.
You are robust. (+10% HP)


Message History

The water moccasin attacks as it pursues you!
The water moccasin bites you.
* * * LOW HITPOINT WARNING * * *
Okay, then.
As you read the scroll labelled HOISSI WAANK, it crumbles to dust.
The creatures around you are filled with an inner flame!
It was a scroll of immolation.
You feel like a meek peon again.
* * * LOW HITPOINT WARNING * * *
You feel sick. The water moccasin closely misses you.
* * * LOW HITPOINT WARNING * * *
You feel sick. The yak attacks as it pursues you! The yak closely misses you.
The water moccasin bites you but does no damage.
You feel yourself speed up.
* * * LOW HITPOINT WARNING * * *
You feel sick. The water moccasin misses you. The yak barely misses you.
The yak attacks as it pursues you! The yak closely misses you.
* * * LOW HITPOINT WARNING * * *
You feel sick.
The water moccasin attacks as it pursues you!
The water moccasin bites you but does no damage.
Unknown command.
Unknown command.
* * * LOW HITPOINT WARNING * * *
You feel sick.
* * * LOW HITPOINT WARNING * * *
You feel sick.
* * * LOW HITPOINT WARNING * * *
You feel sick.
The water moccasin attacks as it pursues you!
The water moccasin bites you.
* * * LOW HITPOINT WARNING * * *
Unknown command.
Okay, then.
Aiming: Corrosive Bolt
Press: ? - help, Shift-Dir - straight line, f - water moccasin
Aim: a water moccasin (moderately wounded, inner flame, 53% to hit)
The bolt of acid misses the water moccasin.
The water moccasin bites you.
You die...

+# ##.# ##. ##..# #..
#..## #.# #.##
##.####### #.#
#........# ###'## #
#........# ###....#
####K.>.....# ###>'....#
.†..........# #.@.#....#
####.....Y..###S###....#
#....K.KY..Y.# #....#
#........##### #....#
#........# ######
#........# ######.###
#..# ####


You could see a yak (inner flame) and a water moccasin (inner flame).

Vanquished Creatures
  Maggie (D:7)
  11 yaks
  2 wyverns (D:9)
  Edmund (D:4)
  2 water moccasins
  A sky beast (D:7)
  An ice beast (D:7)
  A centaur (D:7)
  An ogre (D:5)
  A phantom (D:6)
  A kobold brigand (D:8)
  A gnoll sergeant (D:7)
  3 wights
  A killer bee (D:9)
  A crimson imp (D:6)
  2 jellies (D:7)
  3 orc priests
  2 gnoll boudas
  3 hounds
  2 iguanas (D:5)
  2 sleepcaps (D:6)
  An orc wizard (D:9)
  A mummy (D:4)
  14 gnolls
  5 adders
  A dart slug (D:1)
  A ribbon worm (D:3)
  6 orcs
  7 endoplasms
  3 giant cockroaches
  5 goblins
  7 hobgoblins
  8 jackals
  12 kobolds
  4 quokkas
  9 ball pythons
  A bat (D:1)
  A frilled lizard (D:3)
  2 goblin skeletons (D:6)
  A goblin zombie (D:6)
  3 hobgoblin zombies
  3 kobold skeletons (D:6)
  3 kobold zombies (D:4)
  An orc skeleton (D:6)
  An orc zombie (D:6)
  4 rats
147 creatures vanquished.

Vanquished Creatures (collateral kills)
  A gnoll (D:4)
1 creature vanquished.

Grand Total: 148 creatures vanquished

Notes
Turn   | Place    | Note
-------+----------+-------------------------------------------
     0 | D:1      | SSird the Demonspawn Gladiator began the quest for the Orb.
     0 | D:1      | Reached XP level 1. HP: 16/16 MP: 1/1
   319 | D:1      | Gained mutation: A weak demonic guardian rushes to your
                  | aid. [demonic ancestry]
   319 | D:1      | Reached XP level 2. HP: 13/22 MP: 2/2
   745 | D:1      | Reached skill level 3 in Long Blades
  1235 | D:2      | Reached XP level 3. HP: 28/28 MP: 3/3
  1680 | D:3      | Gained mutation: You are partially covered in slimy green
                  | scales. (AC +2) [demonic ancestry]
  1680 | D:3      | Reached XP level 4. HP: 33/34 MP: 4/4
  1966 | D:3      | Found a snail-covered altar of Cheibriados.
  1966 | D:3      | Found a sacrificial altar of Ru.
  2137 | D:4      | Noticed Edmund
  2200 | D:4      | Killed Edmund
  2201 | D:4      | Gained mutation: You may rarely emit foul miasma when
                  | damaged in melee. [demonic ancestry]
  2201 | D:4      | Reached XP level 5. HP: 31/41 MP: 5/5
  2419 | D:4      | Gained mutation: A demonic guardian rushes to your aid.
                  | [demonic ancestry]
  2419 | D:4      | Reached XP level 6. HP: 30/47 MP: 6/6
  2434 | D:4      | Found a shadowy altar of Dithmenos.
  2812 | D:4      | Found a hazy altar of Hepliaklqana.
  2885 | D:5      | Entered Level 5 of the Dungeon
  2928 | D:5      | Gained mutation: You have a pair of small antennae on your
                  | head. [potion of mutation]
  2928 | D:5      | Gained mutation: You are robust. (+10% HP) [potion of
                  | mutation]
  2928 | D:5      | Gained mutation: You have sharp toenails. [potion of
                  | mutation]
  2972 | D:5      | Reached skill level 4 in Long Blades
  2990 | D:5      | Found a staircase to the Ecumenical Temple.
  2996 | Temple   | Entered the Ecumenical Temple
  3009 | Temple   | Became a worshipper of Warmaster Okawaru
  4359 | D:6      | Found a radiant altar of Vehumet.
  4374 | D:6      | Gained mutation: You sometimes emit foul miasma when
                  | damaged in melee. [demonic ancestry]
  4374 | D:6      | Reached XP level 7. HP: 43/59 MP: 7/7
  4719 | D:6      | Found a stormy altar of Qazlal.
  5053 | D:7      | Reached skill level 5 in Long Blades
  5208 | D:7      | Found an ornate altar of the Wu Jian Council.
  5229 | D:7      | Reached * piety under Okawaru
  5230 | D:7      | Reached skill level 1 in Invocations
  5241 | D:7      | Noticed Maggie
  5262 | D:7      | Killed Maggie
  5263 | D:7      | Reached XP level 8. HP: 24/67 MP: 6/9
  5417 | D:7      | Found Uthoscho's Jewellery Shop.
  5481 | D:7      | Reached ** piety under Okawaru
  5505 | D:7      | Reached skill level 5 in Fighting
  5640 | D:7      | Reached skill level 6 in Long Blades
  5669 | D:7      | Reached skill level 5 in Dodging
  6403 | D:7      | Reached skill level 5 in Throwing
  6403 | D:7      | Gained mutation: A powerful demonic guardian rushes to your
                  | aid. [demonic ancestry]
  6403 | D:7      | Reached XP level 9. HP: 45/74 MP: 12/12
  6404 | D:7      | Reached skill level 7 in Long Blades
  6507 | D:7      | Reached *** piety under Okawaru
  6690 | D:7      | Reached skill level 5 in Invocations
  6939 | D:7      | Reached skill level 8 in Long Blades
  7108 | D:8      | Reached **** piety under Okawaru
  7360 | D:8      | Found the amulet of the Four Winds {rN+ Will+++ Clar}
  7680 | D:9      | Gained mutation: You have sharp fingernails. [demonic
                  | ancestry]
  7680 | D:9      | Reached XP level 10. HP: 22/84 MP: 10/13
  7693 | D:9      | HP: 4/84 [poisoned by a water moccasin]
  7699 | D:9      | HP: 2/84 [poisoned by a water moccasin]
  7700 | D:9      | Slain by a water moccasin

Illustrated notes

Levels and vault maps discovered:
D:1:      co_arrival_random_square_maze, layout_basic
D:2:      layout_rooms
D:3:      layout_loops_ring, nicolae_overflow_two_pavilions
D:4:      layout_basic, mainiacjoe_overflow_boulevard, kennysheep_little_box,
          minmay_mini_ossuary, uniq_edmund
D:5:      layout_layer_cave, minmay_temple_entry_enclosed_plants
D:6:      layout_basic, grunt_qazlal_clouds, vehumet_altar_wand_db,
          nicolae_tso_besieged_by_evil
D:7:      layout_loops_ring, nicolae_wu_jian_wuxing_cycle, serial_shops, shop,
          uniq_maggie
D:8:      layout_rooms
D:9:      layout_roguey, lemuel_coloured_pillars_altar, xom_butterflies,
          minmay_lair_entry_grove, uniq_maurice
Temple:   nicolae_temple_ecumenical_triangle

Skill      XL: |  1  2  3  4  5  6  7  8  9 |
---------------+----------------------------+-----
Long Blades    | 3 4 5 6 8 |  8.7
Throwing       | 2 3 4 5 |  5.0
Dodging        | 3 4 5 6 |  6.5
Fighting       | 3 4 5 6 |  6.9
Invocations    | 2 4 5 |  5.0

Action                     |  1- 3 |  4- 6 |  7- 9 | 10-12 || total
---------------------------+-------+-------+-------+-------++-------
  Melee: Long sword        |   127 |    96 |       |       ||   223
         Punch             |       |     3 |     5 |       ||     8
         Falchion          |       |    49 |   331 |     2 ||   382
         Kick              |       |    17 |   116 |     1 ||   134
  Throw: Boomerang         |     1 |     6 |       |       ||     7
         Throwing net      |       |     3 |       |       ||     3
         Javelin           |       |     2 |       |       ||     2
 Invoke: Heroism           |       |       |     4 |       ||     4
  Evoke: Wand              |       |       |       |     1 ||     1
    Use: Scroll            |       |    10 |     3 |     1 ||    14
         Potion            |       |     7 |     2 |     1 ||    10
   Stab: Held in net/web   |       |     1 |       |       ||     1
         Sleeping          |       |       |     2 |       ||     2
 Armour: Leather armour    |    63 |    96 |    56 |       ||   215
         Steam dragon scal |       |       |   153 |     9 ||   162
  Dodge: Dodged            |    87 |   126 |   223 |     8 ||   444
